 Dungeon Crawl Stone Soup version 0.28.0-53-g5a82cb258f (webtiles) character file.

Game seed: 4947508970955080108

5104 Zeld the Cleaver (level 10, -4/144 HPs)
             Began as a Minotaur Berserker on May 22, 2022.
             Was an Elder of Trog.
             Slain by a wyvern (9 damage)
             ... on level 8 of the Dungeon.
             The game lasted 00:06:18 (10131 turns).

Zeld the Cleaver (Minotaur Berserker)              Turns: 10131, Time: 00:06:19

Health: -4/144     AC: 14    Str: 26    XL:     10   Next: 32%
Magic:  9/9        EV:  9    Int:  4    God:    Trog [****..]
Gold:   119        SH:  5    Dex: 10    Spells: 9/9 levels left

rFire   . . .      SeeInvis .   a - +1 war axe (elec)
rCold   . . .      Faith    .   (no shield)
rNeg    . . .      Spirit   .   C - +0 plate armour
rPois   .          Reflect  +   (helmet restricted)
rElec   .          Harm     .   d - scarf {repulsion}
rCorr   +          Rampage  .   q - +0 pair of gloves
Will    ++...                   (no boots)
Stlth   ..........              n - amulet of reflection
HPRegen 1.34/turn               f - ring of resist corrosion
MPRegen 0.11/turn               (no ring)

@: berserking, strong-willed, regenerating, repel missiles, very quick
A: horns 2, retaliatory headbutt
a: Renounce Religion, Berserk, Trog's Hand, Brothers in Arms


You were on level 8 of the Dungeon.
You worshipped Trog.
Trog was greatly pleased with you.
You visited 1 branch of the dungeon, and saw 8 of its levels.

You collected 436 gold pieces.
You spent 317 gold pieces at shops.

Inventory:

Hand Weapons
 a - a +1 war axe of electrocution (weapon)
Armour
 d - a scarf of repulsion (worn)
 q - a +0 pair of gloves (worn)
 C - a +0 plate armour (worn)
Jewellery
 f - a ring of resist corrosion (left hand)
 n - an amulet of reflection (around neck)
Wands
 y - a wand of digging (7)
 D - a wand of paralysis (9)
 E - a wand of charming (6)
Scrolls
 e - a scroll of identify
 k - 3 scrolls of enchant weapon
 l - 3 scrolls of summoning
 o - 2 scrolls of fear
 p - a scroll of torment
 r - 6 scrolls of teleportation
 u - a scroll of brand weapon {unknown}
 w - 2 scrolls of enchant armour
 x - a scroll of holy word {unknown}
Potions
 b - 2 potions of lignification {unknown}
 c - a potion of might {unknown}
 g - a potion of attraction {unknown}
 i - a potion of flight {unknown}
 j - a potion of heal wounds {unknown}
 m - 4 potions of curing {unknown}
 s - 3 potions of cancellation {unknown}
 t - a potion of haste {unknown}
 v - a potion of brilliance {unknown}
 z - a potion of degeneration {unknown}
 A - a potion of magic {unknown}
 B - a potion of resistance {unknown}


   Skills:
 * Level 11.2 Fighting
 * Level 11.2 Axes
 + Level 7.9 Armour
 + Level 7.1 Dodging


You had 9 spell levels left.
You didn't know any spells.
Your spell library was empty.

Dungeon Overview and Level Annotations

Branches:
Dungeon (8/15)             Temple (0/1) D:5            Lair (0/6) D:8

Altars:
Hepliaklqana

Shops:
D:4 [   D:7 *=   D:8 [


Innate Abilities, Weirdness & Mutations

You have a pair of horns on your head.
You reflexively headbutt those who attack you in melee.


Message History

You feel sick.
You start resting.
You feel sick. x7
You are no longer poisoned.
You start resting.
You hear the faint creaking of a distant portcullis.
You start resting.
A black bear comes into view.
A black bear is nearby!
The black bear growls angrily.
You hear an angry hiss.
You hear an angry growl.
Found a staircase to the Lair.
A wyvern comes into view.
You see here a water moccasin corpse.
You see here a scroll of teleportation.
r - 6 scrolls of teleportation (gained 1)
You see here a water moccasin corpse.
The wyvern bites you.
* * * LOW HITPOINT WARNING * * *
The wyvern bites you.
* * * LOW HITPOINT WARNING * * *
You block the black bear's attack.
The black bear claws you but does no damage. x2
Items here: ††††††.
The wyvern bites you!
* * * LOW HITPOINT WARNING * * *
Your skin crawls.
You feel strong-willed.
The wyvern bites you but does no damage.
Unknown command.
A red film seems to cover your vision as you go berserk!
You feel yourself moving faster!
You feel mighty!
The wyvern bites you but does no damage.
The wyvern bites you!
* * * LOW HITPOINT WARNING * * *
You closely miss the wyvern. Your headbutt misses the wyvern.
You block the wyvern's attack.
Unknown command.
You closely miss the wyvern. You headbutt the wyvern!
The wyvern is heavily wounded.
The wyvern bites you!
You die...

,,**,* #.#*,.......#*,,,,,,,,,,,
,,**,* #.#*,,......#*,,,,,,,,,,,
,,**,**##.#*,,......#*,,,,,,,,,,,
,,**,,##..#*,,,.....#*,.*,***,,,,
,,***,#.))##,,,.....##..*,,,,,,**
,,###.#.8..#####........*********
,,......._.....'........,,,,,,,,,
**###.#.8..#####.......#*********
,,,.......## #@##+##.#,,,,,,,,,
**###..##.# #l##.##,#*,*******
##.*#.# ###h....#.#*,*,,,,,,
#.*#.#**#....†....##,*,*****
*,,...,,+...P......♣,*,****
*,,#.#**#.P.P........*,,,,*
**,*,* #.....P......,***,*
******,,,* *#.P...♣....P.,***,**
**,,,,,*,,* #.♣..P♣...P..♣,,,,,,,


You could see a black bear and a wyvern.

Vanquished Creatures
  A centaur warrior (D:8)
  Joseph (D:7)
  Maggie (D:7)
  A troll (D:7)
  A shadow (D:6)
  A wyvern (D:8)
  A basilisk (D:8)
  A steam dragon (D:6)
  Edmund (D:5)
  6 water moccasins
  An orc warrior (D:6)
  A black bear (D:5)
  An ice beast (D:7)
  A sky beast (D:6)
  2 ogres (D:6)
  2 wolves (D:8)
  A centaur (D:5)
  2 kobold brigands
  4 scorpions
  A wyvern zombie (D:7)
  2 wyvern skeletons (D:6)
  8 wights
  A howler monkey (D:5)
  A bullfrog zombie (D:6)
  2 centaur zombies (D:8)
  An orc priest (D:6)
  4 hounds
  4 jellies
  A bullfrog skeleton (D:6)
  An iguana (D:6)
  Ijyb (D:5)
  5 orc wizards
  A killer bee zombie (D:7)
  5 adders
  A shadow imp (D:6)
  A white imp (D:6)
  3 adder skeletons (D:4)
  A worm (D:3)
  2 dart slugs
  25 orcs
  3 endoplasms
  3 giant cockroaches
  7 goblins
  4 hobgoblins
  10 jackals
  4 quokkas
  5 ball pythons
  5 bats
  3 frilled lizards
  22 kobolds
  5 rats
172 creatures vanquished.

Vanquished Creatures (others)
  A killer bee zombie (D:7)
  A fungus (D:8)
  9 plants (D:8)
11 creatures vanquished.

Grand Total: 183 creatures vanquished

Notes
Turn   | Place    | Note
-------+----------+-------------------------------------------
     0 | D:1      | Zeld the Minotaur Berserker began the quest for the Orb.
     0 | D:1      | Reached XP level 1. HP: 19/19 MP: 0/0
   270 | D:1      | You fall into a shaft and drop 1 floor!
   277 | D:2      | Reached XP level 2. HP: 23/27 MP: 1/1
   714 | D:2      | Found a faded altar of an unknown god.
  1378 | D:1      | Reached XP level 3. HP: 33/33 MP: 2/2
  2732 | D:3      | Reached XP level 4. HP: 37/41 MP: 3/3
  3911 | D:4      | Reached ** piety under Trog
  4076 | D:4      | Reached skill level 5 in Fighting
  4076 | D:4      | Reached XP level 5. HP: 48/48 MP: 4/4
  4348 | D:4      | Reached skill level 5 in Axes
  4374 | D:4      | HP: 2/48 [poisoned by a scorpion]
  4897 | D:4      | Reached XP level 6. HP: 14/57 MP: 5/5
  5220 | D:4      | Found Haymon's Dragon-Slaying Spoils.
  5296 | D:5      | Entered Level 5 of the Dungeon
  5312 | D:5      | Found a staircase to the Ecumenical Temple.
  5318 | D:5      | Identified the +4 ring mail "Poenucoe" {Dex+4}
  5387 | D:5      | Noticed Edmund
  5407 | D:5      | Killed Edmund
  5936 | D:5      | Noticed Ijyb
  5940 | D:5      | Killed Ijyb
  5941 | D:5      | Reached XP level 7. HP: 38/63 MP: 6/6
  6788 | D:6      | Reached skill level 5 in Armour
  6791 | D:6      | Reached XP level 8. HP: 49/73 MP: 7/7
  7330 | D:6      | Reached *** piety under Trog
  7337 | D:6      | Reached skill level 5 in Dodging
  8153 | D:6      | Reached XP level 9. HP: 53/83 MP: 8/8
  8441 | D:6      | Paralysed by a kobold for 3 turns
  8571 | D:7      | Noticed Joseph
  9192 | D:7      | Killed Joseph
  9373 | D:7      | Found Godoxou's Jewellery Boutique.
  9496 | D:7      | Noticed Maggie
  9505 | D:7      | Killed Maggie
  9506 | D:7      | Reached skill level 10 in Fighting
  9506 | D:7      | Reached skill level 10 in Axes
  9797 | D:7      | Found Neapre Lati's General Store.
  9805 | D:7      | Bought a scroll of teleportation for 42 gold pieces
  9805 | D:7      | Bought a scroll of enchant armour for 105 gold pieces
  9805 | D:7      | Bought a wand of charming (6) for 112 gold pieces
  9850 | D:7      | Noticed a troll
  9857 | D:7      | Killed a troll
  9860 | D:7      | Reached **** piety under Trog
  9991 | D:8      | Found Estuk's Armour Emporium.
  9995 | D:8      | Bought a +0 pair of gloves for 58 gold pieces
 10026 | D:8      | Found a hazy altar of Hepliaklqana.
 10026 | D:8      | Noticed a centaur warrior
 10036 | D:8      | Killed a centaur warrior
 10037 | D:8      | Reached XP level 10. HP: 86/94 MP: 9/9
 10120 | D:8      | Found a staircase to the Lair.
 10129 | D:8      | HP: 3/144 [wyvern (9)]
 10131 | D:8      | Slain by a wyvern

Illustrated notes

Levels and vault maps discovered:
D:1:      dpeg_arrival_pond, layout_loops_ring, minmay_door_square
D:2:      layout_basic, ebering_ecumenical_altar_mist
D:3:      layout_basic, minivault_25, grunt_ministairs_3
D:4:      layout_loops_corners, nicolae_shop_dragon_depot
D:5:      layout_basic, minmay_temple_entry_large_hall, uniq_edmund, uniq_ijyb
D:6:      layout_basic, hangedman_minor_gate_pass
D:7:      layout_rooms, serial_shops, shop, nicolae_stop_n_shop_2, uniq_joseph,
          uniq_maggie
D:8:      layout_basic, minmay_lair_entry_grove, enter_bailey_8, serial_shops,
          nicolae_shop_hallway_stairs, hangedman_feature_mirror

Skill      XL: |  1  2  3  4  5  6  7  8  9 10 |
---------------+-------------------------------+-----
Fighting       | 4 5 6 7 9 10 11 | 11.2
Axes           | 4 5 6 7 8 10 11 | 11.2
Armour         | 3 4 5 6 7 |  7.9
Dodging        | 3 4 5 6 7 |  7.1

Action                   |  1- 3 |  4- 6 |  7- 9 | 10-12 || total
-------------------------+-------+-------+-------+-------++-------
Melee: Hand axe          |    21 |       |       |       ||    21
       Headbutt          |     9 |    17 |    39 |     5 ||    70
       War axe           |    49 |   121 |   169 |    26 ||   365
       Punch             |       |     1 |     3 |     1 ||     5
Invok: Berserk           |       |     1 |       |     1 ||     2
       Trog's Hand       |       |       |       |     1 ||     1
  Use: Scroll            |       |       |     7 |       ||     7
Armor: Animal skin       |    14 |     5 |     5 |       ||    24
       Plate armour      |       |       |    54 |    12 ||    66
Dodge: Dodged            |    60 |    66 |   105 |     9 ||   240
Block: Other             |     5 |    23 |    61 |     8 ||    97
       Reflection        |     1 |     1 |     1 |       ||     3
